 Dungeon Crawl Stone Soup version 0.17-a0-1635-gd4e48f1 (webtiles) character file.

8976 matakusis the Nimble (level 11, -8/81 HPs)
             Began as a Demonspawn Gladiator on Aug 4, 2015.
             Was an Elder of Dithmenos.
             Killed from afar by an ice dragon (17 damage)
             ... with a blast of cold
             ... on level 1 of the Lair of Beasts.
             The game lasted 00:46:53 (8073 turns).

matakusis the Nimble (Demonspawn Gladiator)         Turns: 8073, Time: 00:46:53

Health: -8/81      AC: 18    Str: 19    XL:     11   Next: 17%
Magic:  0/11       EV: 19    Int:  9    God:    Dithmenos [****..]
Gold:   477        SH:  0    Dex: 18    Spells: 1 memorised, 6 levels left

rFire  . . .     SeeInvis .     j - +0 hand axe (venom)
rCold  . . .     Clarity  .     x - +5 ring mail {rPois}
rNeg   . . .     SustAt   .     (no shield)
rPois  +         Gourm    .     c - +0 helmet
rElec  .         Spirit   +     l - +0 cloak
rCorr  .         Warding  .     (no gloves)
rMut   .         Stasis   .     (no boots)
MR     .....                    E - amulet of inaccuracy (curse)
Stlth  ..........               g - +5 ring of dexterity
                                a - ring of loudness (curse)

@: about to teleport, very slightly contaminated, wreathed by umbra, not
resistant to hostile enchantments, extremely unstealthy
A: rough black scales 1, spiny 3, magic shield
a: Shadow Step, Renounce Religion


You were on level 1 of the Lair of Beasts.
You worshipped Dithmenos.
Dithmenos was greatly pleased with you.
You were not hungry.

You visited 3 branches of the dungeon, and saw 11 of its levels.

You collected 477 gold pieces.

Inventory:

Hand weapons
 b - a +3 vampiric hand axe
 j - a +0 hand axe of venom (weapon)
 F - a +2 hand axe
Missiles
 d - 3 throwing nets (quivered)
Armour
 c - a +0 helmet (worn)
 l - a +0 cloak (worn)
 t - a +2 ring mail of magic resistance
 x - a +5 ring mail of poison resistance (worn)
Jewellery
 a - a cursed ring of loudness (left hand)
 g - a +5 ring of dexterity (right hand)
 h - an uncursed amulet of regeneration
 k - an uncursed ring of flight
 r - an uncursed ring of positive energy
 y - an uncursed ring of stealth
 E - a cursed amulet of inaccuracy (around neck)
Magical devices
 v - a wand of confusion (43)
 w - a wand of teleportation (3)
 G - a wand of magic darts (31)
Scrolls
 f - 2 scrolls of enchant weapon
 i - a scroll of blinking
 n - a scroll of teleportation
 q - 2 scrolls of amnesia
 u - 4 scrolls of recharging
 z - a scroll of enchant armour
 D - 2 scrolls of magic mapping
Potions
 A - 2 potions of brilliance
Books
 B - a Grand Grimoire

   Spells                             Type                      Level
   a - Monstrous Menagerie            Summoning                    6
   b - Summon Greater Demon           Summoning                    7
   c - Malign Gateway                 Summoning/Translocation      7
   d - Summon Horrible Things         Summoning                    8
 C - a book of Air

   Spells                             Type                      Level
   a - Shock                          Conjuration/Air              1
   b - Swiftness                      Charms/Air                   2
   c - Repel Missiles                 Charms/Air                   2
   d - Static Discharge               Conjuration/Air              3
   e - Lightning Bolt                 Conjuration/Air              5
 I - a book of Enchantments

   Spells                             Type                      Level
   a - Cause Fear                     Hexes                        4
   b - Silence                        Hexes/Air                    5
   c - Deflect Missiles               Charms/Air                   6
   d - Haste                          Charms                       6
   e - Discord                        Hexes                        8
Comestibles
 e - 5 bread rations
 m - 2 slices of pizza
 o - 10 fruits
 p - 3 meat rations
 s - a royal jelly
 H - a beef jerky
 J - 3 chunks of flesh


   Skills:
 + Level 6.0 Fighting
 + Level 7.3 Axes
 - Level 1.7 Throwing
 + Level 7.5 Armour
 + Level 11.1 Dodging
 * Level 2.8 Hexes


You had 6 spell levels left.
You knew the following spells:

 Your Spells              Type           Power        Failure   Level  Hunger
a - Cause Fear            Hex            #.........   99%         4    #####..


Dungeon Overview and Level Annotations

Branches:
Dungeon (9/15)             Temple (1/1) D:5            Lair (1/8) D:8
    Orc: D:9-12

Altars:
Ashenzari
Cheibriados
Dithmenos
Elyvilon
Fedhas
Gozag
Kikubaaqudgha
Makhleb
Nemelex Xobeh
Okawaru
Ru
Sif Muna
Trog
Vehumet
Xom
Yredelemnul
Zin
The Shining One

Shops:
D:4 [


Innate Abilities, Weirdness & Mutations

You are partially covered in rough black scales (AC +4, Dex -1).
You are completely covered in sharp spines.
When hurt, damage is shared between your health and your magic reserves.


Message History

You closely miss the ice dragon.
The ice dragon is moderately wounded.
The ice dragon breathes frost at you. The blast of cold hits you!
Ouch! That really hurt!
* * * LOW HITPOINT WARNING * * *
You emit a cloud of dark smoke.
Drink which item? (? for menu, Esc to quit)
Okay, then.
Read which item? (? for menu, Esc to quit)
Blink to where?
Press: ? - help, Dir - move target cursor You are very lightly contaminated with residual magic.
As you read the scroll of blinking, it crumbles to dust.
Read which item? (? for menu, Esc to quit)
As you read the scroll of teleportation, it crumbles to dust.
You feel strangely unstable. The ice dragon breathes frost at you.
The blast of cold hits you!
You die...

####.##................######....
##############.########.#P.##.
#.#####.......### #....######.###
# ####.# ### # ##### ##.# #
≈;...#### #..# # ≈....!..##
######.## # ≈........#####D§@...#
# ≈≈......†.§§§§§######
≈≈........§##### ≈≈≈......###
.≈≈≈....## ≈≈≈≈..### ≈≈≈### ###


You could see an ice dragon.

Vanquished Creatures
  Harold (Lair:1)
  Urug (Lair:1)
  A hill giant (D:8)
  Joseph (D:7)
  A fire drake (D:8)
  A two-headed ogre (D:8)
  7 yaks
  2 hippogriffs
  Grum (D:8)
  A water moccasin (Lair:1)
  4 wolves (D:8)
  A porcupine (Lair:1)
  Duvessa (D:6)
  A phantom (D:8)
  2 centaurs (D:7)
  A black bear (D:8)
  An ice beast (D:7)
  A necrophage (D:7)
  A sky beast (D:6)
  8 giant frogs
  Dowan (D:6)
  6 scorpions
  24 killer bees
  5 wights (D:8)
  A centaur zombie (D:5)
  2 crimson imps (D:5)
  2 giant frog zombies
  A jelly (D:6)
  2 giant frog skeletons
  13 orc wizards
  5 orc priests
  4 iguanas
  4 hounds
  Terence (D:3)
  3 worker ants
  A killer bee zombie (D:7)
  A worker ant zombie (D:7)
  9 adders
  28 river rats (Lair:1)
  A shadow imp (D:5)
  An adder skeleton (D:6)
  A worm (D:2)
  4 giant geckos
  32 orcs
  2 ball pythons
  6 giant cockroaches
  12 hobgoblins
  10 jackals
  11 kobolds
  4 quokkas
  6 bats
  6 giant newts
  10 goblins
  2 quokka skeletons
  8 rats
267 creatures vanquished.

Vanquished Creatures (others)
  2 fungi (Lair:1)
  A plant (Lair:1)
3 creatures vanquished.

Grand Total: 270 creatures vanquished

Notes
Turn   | Place    | Note
--------------------------------------------------------------
     0 | D:1      | matakusis the Demonspawn Gladiator began the quest for the Orb.
     0 | D:1      | Reached XP level 1. HP: 16/16 MP: 1/1
   276 | D:1      | Reached skill level 3 in Dodging
   474 | D:1      | Gained mutation: You are partially covered in sharp spines. [demonic ancestry]
   474 | D:1      | Reached XP level 2. HP: 22/22 MP: 2/2
  1049 | D:2      | Gained mutation: When hurt, damage is shared between your health and your magic reserves. [demonic ancestry]
  1049 | D:2      | Reached XP level 3. HP: 27/27 MP: 3/3
  1284 | D:2      | Reached skill level 1 in Armour
  1458 | D:3      | Gained mutation: You are mostly covered in sharp spines. [demonic ancestry]
  1458 | D:3      | Reached XP level 4. HP: 18/34 MP: 1/4
  1768 | D:3      | Noticed Terence
  1794 | D:3      | Gained mutation: You are completely covered in sharp spines. [demonic ancestry]
  1794 | D:3      | Reached XP level 5. HP: 28/39 MP: 2/5
  1805 | D:3      | Killed Terence
  1888 | D:3      | Reached skill level 4 in Dodging
  2402 | D:4      | Reached XP level 6. HP: 41/47 MP: 4/6
  2513 | D:4      | Found Atier's Antique Armour Shoppe.
  2662 | D:5      | Entered Level 5 of the Dungeon
  2694 | D:5      | Reached XP level 7. HP: 52/52 MP: 7/7
  2728 | D:4      | Reached skill level 5 in Dodging
  3033 | D:5      | Found a staircase to the Ecumenical Temple.
  3034 | D:5      | Found an ancient bone altar of Kikubaaqudgha.
  3056 | Temple   | Entered the Ecumenical Temple
  3217 | Temple   | Became a worshipper of Dithmenos the Shadowed
  3548 | D:5      | Noticed a yak
  3556 | D:5      | Killed a yak
  3919 | D:5      | Found a blossoming altar of Fedhas.
  4149 | D:6      | Noticed Duvessa
  4149 | D:6      | Noticed Dowan
  4156 | D:6      | Killed Duvessa
  4156 | D:6      | Reached skill level 6 in Dodging
  4166 | D:6      | Killed Dowan
  4166 | D:6      | Reached XP level 8. HP: 53/60 MP: 6/8
  4212 | D:6      | Reached skill level 5 in Axes
  4402 | D:6      | Found an opulent altar of Gozag.
  4727 | D:7      | Reached skill level 7 in Dodging
  4774 | D:7      | Noticed Joseph
  4790 | D:7      | Killed Joseph
  4790 | D:7      | Reached skill level 5 in Armour
  4790 | D:7      | Reached XP level 9. HP: 46/66 MP: 6/9
  4869 | D:7      | Reached skill level 8 in Dodging
  5128 | D:7      | Acquired Dithmenos's first power
  5368 | D:7      | Reached skill level 9 in Dodging
  5571 | D:7      | Found a burning altar of Makhleb.
  5578 | D:7      | Found a sparkling altar of Nemelex Xobeh.
  5580 | D:7      | Found a shattered altar of Ashenzari.
  5582 | D:7      | Found a basalt altar of Yredelemnul.
  5584 | D:7      | Found an opulent altar of Gozag.
  5807 | D:8      | Noticed a hill giant
  5831 | D:8      | Killed a hill giant
  5831 | D:8      | Reached XP level 10. HP: 73/73 MP: 10/10
  6027 | D:8      | Reached skill level 5 in Fighting
  6071 | D:8      | Noticed Grum
  6083 | D:8      | Killed Grum
  6142 | D:8      | Reached skill level 10 in Dodging
  6153 | D:8      | Acquired Dithmenos's second power
  6178 | D:8      | Found a staircase to the Lair.
  6178 | D:8      | Noticed a fire drake
  6193 | D:8      | Killed a fire drake
  6768 | Lair:1   | Entered Level 1 of the Lair of Beasts
  6827 | Lair:1   | Learned a level 4 spell: Cause Fear
  6984 | Lair:1   | Reached skill level 1 in Hexes
  7016 | Lair:1   | Noticed Urug
  7245 | Lair:1   | Killed Urug
  7245 | Lair:1   | Gained mutation: You are partially covered in rough black scales (AC +4, Dex -1). [demonic ancestry]
  7245 | Lair:1   | Reached XP level 11. HP: 68/81 MP: 7/11
  7463 | Lair:1   | Acquired Dithmenos's third power
  7629 | Lair:1   | Noticed Harold
  7666 | Lair:1   | Killed Harold
  7666 | Lair:1   | Reached skill level 11 in Dodging
  8055 | Lair:1   | Noticed an ice dragon
  8073 | Lair:1   | Killed from afar by an ice dragon

Vault maps used:
D:1:      dpeg_arrival_chambers_temple_mockup, feat_on_display
D:2:      minmay_door_path, first_bread
D:3:      minmay_bad_closet, uniq_terence
D:4:      serial_shops, shop_fountains, minmay_goblin_outpost
D:5:      kennysheep_big_flooded_room, lemuel_crystal_altar,
          minmay_temple_entry_junction, fedhas_altar_4
D:6:      basic_altar, uniq_duvessa
D:7:      minitemple, uniq_joseph
D:8:      minmay_lair_entry_lava, uniq_grum
D:9:      overflow_temple_1_default, grunt_pizzeria, minivault_4
Temple:   water_room_temple_b_12
Lair:1:   dragon1_lemuel, lemuel_fruit_fields, uniq_urug, uniq_harold

Action                   |  1- 3 |  4- 6 |  7- 9 | 10-12 || total
-------------------------+-------+-------+-------+-------++-------
Melee: War axe           |    59 |    36 |       |       ||    95
       Hand axe          |       |    60 |   172 |   219 ||   451
 Abil: Evoke Flight      |       |     1 |       |       ||     1
  Use: Scroll            |     7 |     2 |     9 |     2 ||    20
       Potion            |       |     2 |       |     6 ||     8
 Stab: Sleeping          |     2 |     1 |       |       ||     3
  Eat: Chunk             |       |     6 |    10 |     6 ||    22
       Meat ration       |       |       |       |     1 ||     1
